 Dungeon Crawl Stone Soup version 0.17-a0-1711-gc5340a3 (webtiles) character file.

102 kae the Firebug (level 4, -3/24 HPs)
             Began as a Tengu Fire Elementalist on Aug 22, 2015.
             Killed from afar by Natasha (11 damage)
             ... with a wand of flame
             ... on level 2 of the Dungeon.
             The game lasted 00:03:19 (3123 turns).

kae the Firebug (Tengu Fire Elementalist)           Turns: 3123, Time: 00:03:19

Health: -3/24      AC:  3    Str:  9    XL:     4   Next: 78%
Magic:  8/8        EV: 12    Int: 16    God:
Gold:   103        SH:  0    Dex: 14    Spells: 3 memorised, 1 level left

rFire  . . .     SeeInvis .     g - +0 spear
rCold  . . .     Clarity  .     a - +0 robe
rNeg   . . .     SustAt   .     (no shield)
rPois  .         Gourm    .     (helmet restricted)
rElec  .         Spirit   .     (no cloak)
rCorr  .         Warding  .     j - +0 pair of gloves
rMut   .         Stasis   .     (boots unavailable)
MR     .....                    (no amulet)
Stlth  ++........               (no ring)
                                (no ring)

@: not resistant to hostile enchantments, unstealthy
A: beak, talons 3
a: no special abilities


You were on level 2 of the Dungeon.
You were not hungry.

You visited 1 branch of the dungeon, and saw 2 of its levels.

You collected 103 gold pieces.

Inventory:

Hand weapons
 e - a +0 dagger
 g - a +0 spear (weapon)
Armour
 a - a +0 robe (worn)
 j - a +0 pair of gloves (worn)
Magical devices
 i - a wand of enslavement (13)
Scrolls
 f - a scroll of noise {unknown}
 k - a scroll of identify {unknown}
 l - a scroll of teleportation {unknown}
 m - a scroll of remove curse {unknown}
Potions
 d - a potion of cure mutation {unknown}
Books
 b - a book of Flames

   Spells                             Type                      Level
   a - Flame Tongue                   Conjuration/Fire             1
   b - Throw Flame                    Conjuration/Fire             2
   c - Conjure Flame                  Conjuration/Fire             3
   d - Inner Flame                    Hexes/Fire                   3
   e - Sticky Flame                   Conjuration/Fire             4
   f - Fireball                       Conjuration/Fire             5
Comestibles
 c - 4 bread rations
 h - a meat ration
 n - a slice of pizza


   Skills:
 - Level 2.1 Dodging
 - Level 2.0 Stealth
 - Level 2.0 Spellcasting
 - Level 1.3 Conjurations
 + Level 5.9 Fire Magic


You had one spell level left.
You knew the following spells:

 Your Spells              Type           Power        Failure   Level  Hunger
a - Flame Tongue          Conj/Fire      ##...        6%          1    #......
b - Throw Flame           Conj/Fire      ##....       10%         2    ###....
c - Conjure Flame         Conj/Fire      ##......     14%         3    ###....


Dungeon Overview and Level Annotations

Branches:
Dungeon (2/15)

Altars:

Annotations:
D:2 Jessica, Natasha


Innate Abilities, Weirdness & Mutations

You have a beak for a mouth.
You have claws for feet.


Message History

Natasha hisses angrily.
Natasha mumbles some strange words.
You barely miss the crimson imp. You peck the crimson imp.
The crimson imp is moderately wounded.
Jessica gestures at you while chanting. Pain shoots through your body!
Natasha mumbles some strange words.
The crimson imp misses you.
You miss the crimson imp. Your kick misses the crimson imp.
The crimson imp is moderately wounded.
The goblin shouts!
Jessica gestures at you while chanting. Pain shoots through your body!
The crimson imp barely misses you.
Jessica casts a spell.
Jessica blinks!
You hit the crimson imp but do no damage.
You peck the crimson imp.
The crimson imp is moderately wounded.
Natasha zaps a wand.
The puff of flame hits you!
You die...

#.#
##....#.#......##
#.#
######.#.......#
###.# ..#.#####.#
....# ###### #.#
....# . # #...# #.#
....# ..#.#...###
#.# #####
..g....)..#####.##
....%...#.......##
...?...@###########
.....55.# ###.....
@.....§h# #.####
........# .#
........# .#
######.## .# #. #.


You could see Natasha, a crimson imp, a white imp, Jessica and a goblin.

Vanquished Creatures
  An adder (D:2)
  3 gnolls (D:2)
  An ooze (D:1)
  A worm (D:2)
  A giant gecko (D:1)
  A ball python (D:2)
  8 bats
  6 goblins
  6 hobgoblins
  6 jackals
  2 quokkas (D:2)
  6 giant cockroaches
  2 giant newts (D:1)
  5 kobolds
  3 rats
52 creatures vanquished.

Notes
Turn   | Place    | Note
--------------------------------------------------------------
     0 | D:1      | kae the Tengu Fire Elementalist began the quest for the Orb.
     0 | D:1      | Reached XP level 1. HP: 10/10 MP: 4/4
   432 | D:1      | Reached XP level 2. HP: 12/15 MP: 1/6
   501 | D:1      | Reached skill level 4 in Fire Magic
   887 | D:1      | Reached XP level 3. HP: 12/19 MP: 2/7
  2054 | D:2      | Learned a level 2 spell: Throw Flame
  2058 | D:2      | Learned a level 3 spell: Conjure Flame
  2363 | D:2      | Reached skill level 5 in Fire Magic
  2493 | D:2      | Reached XP level 4. HP: 24/24 MP: 3/8
  3117 | D:2      | Noticed Natasha
  3117 | D:2      | Noticed Jessica
  3123 | D:2      | Killed from afar by Natasha

Vault maps used:
D:1:      zaba_arrival_water
D:2:      serial_co_window_serial, co_window_paths_a, co_window_paths_a,
          co_window_paths_a, co_window_of_opportunity_a, co_window_corner_a,
          co_window_of_opportunity_b, co_window_2corner, co_window_broadway_a,
          co_window_broadway_b, co_window_broadway_b, co_window_broadway_b,
          co_window_cross_2, uniq_natasha, uniq_jessica

Action                   |  1- 3 |  4- 6 || total
-------------------------+-------+-------++-------
Melee: Unarmed           |     7 |       ||     7
       Dagger            |    51 |       ||    51
       Spear             |    29 |    27 ||    56
 Cast: Flame Tongue      |    63 |    12 ||    75
       Throw Flame       |       |     4 ||     4
 Stab: Sleeping          |       |     1 ||     1
  Eat: Chunk             |     6 |     3 ||     9
